 Dungeon Crawl Stone Soup version 0.22-a0-185-ge330310 (webtiles) character file.

10722 vishdafish the Black Crusader (level 11, -12/79 (80) HPs)
             Began as a Demonspawn Fighter on Feb 15, 2018.
             Was a Priest of Yredelemnul.
             Killed from afar by a gargoyle (13 damage)
             ... with a stone arrow
             ... on level 10 of the Dungeon.
             The game lasted 00:26:53 (12515 turns).

vishdafish the Black Crusader (Demonspawn Fighter) Turns: 12515, Time: 00:26:54

HP:   -12/79 (80)   AC: 16    Str: 18    XL:     11   Next: 39%
MP:   17/17         EV: 14    Int: 11    God:    Yredelemnul [***...]
Gold: 723           SH: 13    Dex: 13    Spells: 10/10 levels left

rFire    . . .     SeeInvis .   a - +0 long sword
rCold    . . .     Gourm    .   c - +0 shield
rNeg     . . .     Faith    .   J - +2 leather armour {rPois}
rPois    +         Spirit   .   u - +0 helmet
rElec    .         Reflect  +   z - +1 cloak
rCorr    .         Harm     .   (no gloves)
MR       +....                  (no boots)
Stlth    +.........             y - +2 amulet of reflection
HPRegen  0.23/turn              s - ring of protection from magic
MPRegen  0.15/turn              w - +4 ring of protection

@: no status effects
A: hooves 2, slimy green scales 2, subdued magic 1
a: Recall Undead Slaves, Injury Mirror, Animate Dead, Renounce Religion


You were on level 10 of the Dungeon.
You worshipped Yredelemnul.
Yredelemnul was most pleased with you.
You were not hungry.

You visited 2 branches of the dungeon, and saw 12 of its levels.
You also visited: Ossuary.

You collected 723 gold pieces.

Inventory:

Hand Weapons
 a - a +0 long sword (weapon)
Missiles
 P - 2 throwing nets (quivered)
Armour
 b - a +0 scale mail
 c - a +0 shield (worn)
 d - a +0 chain mail of fire resistance
 u - a +0 helmet (worn)
 z - a +1 cloak (worn)
 J - a +2 leather armour of poison resistance (worn)
Jewellery
 s - a ring of protection from magic (left hand)
 w - a +4 ring of protection (right hand)
 y - a +2 amulet of reflection (around neck)
 B - an uncursed ring of fire
 F - an uncursed ring of flight
 H - an uncursed ring of poison resistance
 M - a +3 ring of strength
Wands
 h - a wand of random effects (14)
 A - a wand of flame (68)
 G - a wand of polymorph (10)
 N - a wand of digging (13)
 Q - a wand of iceblast (1)
 U - a wand of paralysis (3)
Scrolls
 e - a scroll of blinking
 i - 4 scrolls of enchant weapon
 n - 5 scrolls of fog
 o - 5 scrolls of amnesia
 p - a scroll of enchant armour {unknown}
 r - 11 scrolls of remove curse
 t - 2 scrolls of random uselessness {unknown}
 C - a scroll of teleportation {unknown}
 K - a scroll of fear {unknown}
 O - a scroll of immolation {unknown}
 S - a scroll of vulnerability {unknown}
Potions
 g - 2 potions of flight
 j - 6 potions of lignification
 k - 4 potions of degeneration
 l - 4 potions of haste
 m - 2 potions of invisibility
 q - a potion of ambrosia
 v - a potion of cancellation
 x - 8 potions of curing
 D - a potion of heal wounds {unknown}
 E - 2 potions of magic
 I - 2 potions of resistance
 L - 2 potions of agility
 R - a potion of berserk rage {unknown}
 T - a potion of might
Comestibles
 f - 17 rations


   Skills:
 - Level 5.6 Fighting
 + Level 9.0 Long Blades
 - Level 5.0 Armour
 + Level 7.0 Dodging
 + Level 7.9 Shields
 * Level 9.2 Invocations
 - Level 4.2 Evocations


You had 10 spell levels left.
You didn't know any spells.

Dungeon Overview and Level Annotations

Branches:
Dungeon (11/15)            Temple (1/1) D:5            Lair (0/6) D:9
    Orc (0/2) D:9

Altars:
Ashenzari
Cheibriados
Dithmenos
Elyvilon
Fedhas
Gozag
Hepliaklqana
Kikubaaqudgha
Makhleb
Nemelex Xobeh
Okawaru
Qazlal
Ru
Sif Muna
Trog
Uskayaw
Vehumet
Wu Jian
Xom
Yredelemnul
Zin
The Shining One


Innate Abilities, Weirdness & Mutations

You have hoof-like feet.
You are mostly covered in slimy green scales. (AC +3)
Your spells are a little easier to cast, but a little less powerful.


Message History

Evoke which item? (* to show all) (? for menu, Esc to quit)
Aiming: Paralyse
Press: ? - help, Shift-Dir - straight line, f/p - gargoyle
Aim: a gargoyle, wielding a flail (almost destroyed, chance to defeat MR: 40%)
The gargoyle resists with some effort.
The gargoyle hits you with a flail!
* * * LOW HITPOINT WARNING * * *
Evoke which item? (* to show all) (? for menu, Esc to quit)
Aiming: Paralyse
Press: ? - help, Shift-Dir - straight line, f/p - gargoyle
Aim: a gargoyle, wielding a flail (almost destroyed, chance to defeat MR: 40%)
The gargoyle resists with some effort.
Evoke which item? (* to show all) (? for menu, Esc to quit)
Aiming: Paralyse
Press: ? - help, Shift-Dir - straight line, f/p - gargoyle
Aim: a gargoyle, wielding a flail (almost destroyed, chance to defeat MR: 40%)
The gargoyle resists with some effort.
The gargoyle hurls a stone arrow at you.
The stone arrow hits you!
You die...
Your body rises from the dead as a mindless zombie.

#.......#......#
#(......#......#
#.......#......#
#.....###......+
#.....# ......#
#.....# ....
#...###.....
...###'#.......
........@9......
................
###.............
#.............
########..####
..# ###


You could see a gargoyle.

Vanquished Creatures
  3 two-headed ogres
  Nergalle (D:10)
  The ghost of p0werm0de the Cleaver, a novice DsCK of Gozag (D:6)
  Pikel (D:5)
  Maurice (D:10)
  7 yaks
  A wyvern (D:9)
  Eustachio (D:6)
  4 hungry ghosts
  Edmund (Temple)
  A two-headed ogre zombie (D:9)
  Purgy (D:3)
  3 porcupines (D:9)
  2 ice beasts
  4 orc warriors
  2 sky beasts
  A slave (D:4)
  3 ogres
  A black bear (D:9)
  A necrophage (D:9)
  An eye of draining (D:10)
  3 centaurs
  2 phantoms
  A crocodile (D:8)
  2 big kobolds
  7 bullfrogs
  2 scorpions
  4 troll zombies (D:9)
  4 wights (D:7)
  2 howler monkeys (D:8)
  4 crimson imps
  5 hounds
  3 centaur skeletons
  Crazy Yiuf (D:3)
  3 jellies
  A quasit (D:9)
  A bullfrog zombie (D:9)
  7 orc priests
  9 orc wizards
  3 bullfrog skeletons
  5 iguanas
  10 worker ants
  3 ogre zombies (D:9)
  8 mummies (Ossuary)
  4 gnolls (D:3)
  6 adders
  An adder skeleton (D:7)
  3 worms (D:2)
  2 dart slugs
  8 leopard geckos
  28 orcs
  A ball python (D:4)
  8 giant cockroaches
  9 goblins
  4 hobgoblins
  10 jackals
  4 quokkas
  6 bats
  3 frilled lizards
  2 gnoll zombies (Ossuary)
  2 goblin skeletons (D:9)
  5 goblin zombies (D:9)
  A hobgoblin zombie (Ossuary)
  12 kobolds
  3 kobold zombies (Ossuary)
  A leopard gecko zombie (D:7)
  3 orc skeletons (D:9)
  17 orc zombies
  A quokka zombie (D:7)
  9 rats
284 creatures vanquished.

Vanquished Creatures (others)
  An orc wizard (D:6)
  2 fungi (D:9)
  A plant (D:9)
4 creatures vanquished.

Grand Total: 288 creatures vanquished

Notes
Turn   | Place    | Note
-------+----------+-------------------------------------------
     0 | D:1      | vishdafish the Demonspawn Fighter began the quest for the Orb.
     0 | D:1      | Reached XP level 1. HP: 18/18 MP: 1/1
   182 | D:1      | Gained mutation: You are partially covered in slimy green scales. (AC +2) [demonic ancestry]
   182 | D:1      | Reached XP level 2. HP: 24/24 MP: 2/2
   737 | D:2      | Reached XP level 3. HP: 26/29 MP: 3/3
  1630 | D:3      | Reached XP level 4. HP: 17/35 MP: 4/4
  1939 | D:3      | Noticed Purgy
  1955 | D:3      | Killed Purgy
  1955 | D:3      | Reached XP level 5. HP: 17/42 MP: 5/5
  2206 | D:3      | Found an iron altar of Okawaru.
  2226 | D:3      | Gained mutation: You have large cloven feet. [demonic ancestry]
  2226 | D:3      | Reached XP level 6. HP: 38/48 MP: 6/6
  2443 | D:3      | Found a runed door.
  2475 | D:3      | Noticed Crazy Yiuf
  2485 | D:3      | Killed Crazy Yiuf
  2583 | D:3      | Found a sacrificial altar of Ru.
  2764 | D:3      | Reached skill level 1 in Dodging
  3304 | D:4      | Found a sand-covered staircase.
  3308 | Ossuary  | Entered an ossuary
  3327 | Ossuary  | Reached XP level 7. HP: 33/55 MP: 7/7
  4122 | D:5      | Entered Level 5 of the Dungeon
  4195 | D:5      | Found a bloodstained altar of Trog.
  4202 | D:5      | Found a shadowy altar of Dithmenos.
  4280 | D:5      | Found a staircase to the Ecumenical Temple.
  4282 | D:5      | Noticed Pikel
  4319 | D:5      | Paralysed by Pikel for 4 turns
  4550 | Temple   | Entered the Ecumenical Temple
  4787 | D:5      | Noticed Edmund
  4807 | Temple   | Killed Edmund
  4807 | Temple   | Reached skill level 5 in Long Blades
  5126 | D:5      | Reached skill level 5 in Fighting
  5126 | D:5      | Gained mutation: You are mostly covered in slimy green scales. (AC +3) [demonic ancestry]
  5126 | D:5      | Reached XP level 8. HP: 58/62 MP: 8/8
  5270 | D:5      | Paralysed by Pikel for 7 turns
  5290 | D:5      | Killed Pikel
  5397 | D:5      | Reached skill level 5 in Armour
  5686 | D:6      | Found a glowing golden altar of the Shining One.
  5714 | D:6      | Noticed Eustachio
  5747 | D:6      | Killed Eustachio
  5747 | D:6      | Reached skill level 5 in Shields
  5747 | D:6      | Reached skill level 1 in Evocations
  5904 | D:6      | Reached XP level 9. HP: 68/68 MP: 10/10
  6170 | D:6      | Noticed p0werm0de's ghost (novice DsCK)
  6185 | D:6      | Killed p0werm0de's ghost
  6313 | D:6      | Found a basalt altar of Yredelemnul.
  6399 | D:6      | Noticed a profane servitor
  6404 | D:6      | Became a worshipper of Yredelemnul the Dark
  6473 | D:6      | Found a hide-covered altar of Uskayaw.
  6559 | D:6      | Found a shimmering altar of Xom.
  6815 | D:7      | Reached skill level 5 in Dodging
  6994 | D:7      | Reached * piety under Yredelemnul
  7605 | D:8      | Reached skill level 1 in Invocations
  7605 | D:8      | Reached XP level 10. HP: 69/75 MP: 13/13
  7611 | D:8      | Found a snail-covered altar of Cheibriados.
  7895 | D:8      | Found a shattered altar of Ashenzari.
  8075 | D:8      | Noticed a two-headed ogre
  8080 | D:8      | Killed a two-headed ogre
  8238 | D:8      | Found a stormy altar of Qazlal.
  8241 | D:8      | Found a deep blue altar of Sif Muna.
  8242 | D:8      | Found a radiant altar of Vehumet.
  8332 | D:8      | Gained mutation: Your spells are a little easier to cast, but a little less powerful. [potion of mutation]
  8332 | D:8      | Gained mutation: You have hoof-like feet. [potion of mutation]
  8462 | D:9      | Reached skill level 5 in Invocations
  8732 | D:9      | Found a staircase to the Lair.
  9201 | D:9      | Found a staircase to the Orcish Mines.
  9247 | D:9      | Reached ** piety under Yredelemnul
  9999 | D:9      | Noticed a two-headed ogre
 10014 | D:9      | Killed a two-headed ogre
 10349 | D:9      | Reached XP level 11. HP: 79/79 MP: 16/16
 10672 | D:10     | Entered Level 10 of the Dungeon
 10957 | D:10     | You fall through a shaft!
 10984 | D:10     | Noticed Nergalle
 11106 | D:10     | Killed Nergalle
 11106 | D:10     | Reached *** piety under Yredelemnul
 11534 | D:10     | Noticed a two-headed ogre
 11990 | D:9      | Killed a two-headed ogre
 12431 | D:10     | Noticed Maurice
 12435 | D:10     | Paralysed by Maurice for 4 turns
 12439 | D:10     | Killed Maurice
 12513 | D:10     | HP: 1/79 [gargoyle/flail (16)]
 12515 | D:10     | Killed from afar by a gargoyle

Vault maps used:
D:1:      eino_arrival_cavern_c
D:3:      nicolae_ru_sacrificial_ziggurat, lemuel_doored_altar,
          uniq_crazy_yiuf_cottage, uniq_purgy
D:4:      enter_ossuary_5, lemuel_old_faithful
D:5:      minitemple, minmay_temple_entry_purple_smoke, first_ration,
          uniq_pikel, uniq_edmund
D:6:      grunt_temple_overflow_holy_war, basic_altar, tgw_xom, uniq_eustachio
D:8:      grunt_temple_overflow_open, blue_anna_alchemist
D:9:      due_lair_maze_entry_diamond, zombieorc2_lemuel
D:10:     uniq_grum, uniq_nergalle, uniq_maurice
D:11:     cheibrodos_barr_body
Temple:   minmay_temple_curvy_loop
Ossuary:  ossuary_tomb_3

Skill      XL: |  1  2  3  4  5  6  7  8  9 10 11 |
---------------+----------------------------------+-----
Long Blades    | 2 3 4 5 6 7 8 9 |  9.0
Armour         | 3 4 5 |  5.0
Shields        | 3 4 5 6 7 |  7.9
Fighting       | 4 5 |  5.6
Dodging        | 1 2 3 5 6 7 |  7.0
Evocations     | 2 4 |  4.2
Invocations    | 1 7 9 |  9.2

Action                   |  1- 3 |  4- 6 |  7- 9 | 10-12 || total
-------------------------+-------+-------+-------+-------++-------
Melee: Long sword        |   170 |   154 |   514 |   467 ||  1305
       Kick              |       |    28 |   181 |   189 ||   398
Evoke: Wand              |       |       |    37 |    31 ||    68
  Use: Potion            |       |     2 |     3 |     1 ||     6
       Scroll            |       |     4 |     6 |     7 ||    17
 Stab: Paralysed         |       |       |    27 |       ||    27
       Invisible         |       |       |     1 |       ||     1
  Eat: Chunk             |     2 |     6 |    11 |    11 ||    30
       Ration            |       |       |     2 |     3 ||     5
Armor: Scale mail        |   101 |    97 |    53 |       ||   251
       Chain mail        |       |       |   154 |       ||   154
       Leather armour    |       |       |    86 |   159 ||   245
Dodge: Dodged            |    51 |    51 |   168 |   210 ||   480
Block: Shield            |    91 |   111 |   315 |   333 ||   850
       Reflection        |       |       |     3 |     7 ||    10
       Rpst.: Long sword |    14 |    11 |    48 |    70 ||   143

Table legend:
 A = Spawn XP
 B = Non-spawn XP
 C = Spawn XP percentage of total XP
 D = Spawn monster count
 E = Non-spawn monster count
 F = Spawn count percentage of total count
 G = Total turns spent on level
                    A         B        C        D         E        F      G
               +---------+---------+-------+---------+---------+-------+---------
         Total |       0 |   15318 |   0.0 |       0 |     284 |   0.0 | 12515
               +---------+---------+-------+---------+---------+-------+---------
           D:1 |       0 |      38 |   0.0 |       0 |      23 |   0.0 |   714
           D:2 |       0 |      55 |   0.0 |       0 |      19 |   0.0 |   912
           D:3 |       0 |     485 |   0.0 |       0 |      29 |   0.0 |  1230
           D:4 |       0 |     312 |   0.0 |       0 |      16 |   0.0 |  1000
           D:5 |       0 |    1209 |   0.0 |       0 |      15 |   0.0 |   986
           D:6 |       0 |    1861 |   0.0 |       0 |      25 |   0.0 |  1001
           D:7 |       0 |    1142 |   0.0 |       0 |      33 |   0.0 |   906
           D:8 |       0 |    2043 |   0.0 |       0 |      15 |   0.0 |   986
           D:9 |       0 |    5541 |   0.0 |       0 |      65 |   0.0 |  3363
          D:10 |       0 |    2319 |   0.0 |       0 |      26 |   0.0 |   561
        Temple |       0 |     165 |   0.0 |       0 |       2 |   0.0 |   481
       Ossuary |       0 |     148 |   0.0 |       0 |      16 |   0.0 |   354
               +---------+---------+-------+---------+---------+-------+---------
